 Dungeon Crawl Stone Soup version 0.23.0-3-gf3c87f2 (webtiles) character file.

Game seed: 2940778236056590566

1250114 sanboga the Gargoyle Barricade (level 27, -12/159 HPs)
             Began as a Gargoyle Berserker on Feb 22, 2019.
             Was the Champion of Zin.
             Killed by divine providence
             ... invoked by a daeva
              (13 damage)
             ... in Pandemonium on Feb 24, 2019.
             The game lasted 03:01:18 (77057 turns).

sanboga the Gargoyle Barricade (GrBe)              Turns: 77057, Time: 03:01:19

Health: -12/159    AC: 63    Str: 48    XL:     27
Magic:  40/40      EV: 10    Int:  4    God:    Zin [******]
Gold:   1403       SH: 45    Dex: 15    Spells: 26/26 levels left

rFire    + + .     SeeInvis .   K - +8 mithril axe "Arga" {speed, MR+}
rCold    + + +     Gourm    .   z - +8 large shield {reflect}
rNeg     + + .     Faith    .   v - +11 gold dragon scales
rPois    ∞         Spirit   .   (helmet restricted)
rElec    +         Reflect  +   t - +2 cloak {MR+}
rCorr    .         Harm     .   O - +0 pair of gloves "Cifurila" {Regen+ Int-3 Dex+6}
MR       ++++.                  u - +2 pair of boots {run}
Stlth    ..........             S - +6 amulet of reflection
HPRegen  0.00/turn              q - ring of Awag {rC++ rN+ Str+7 Int-3}
MPRegen  0.27/turn              A - ring of Insomnia {rF+ Str+7 Slay+2 Stlth-}

@: about to teleport, flying, glowing, quick
A: big wings, horns 1, blurry vision 1, clever 1, deformed body, frail 2,
negative energy resistance 1, electricity resistance, inhibited regeneration,
unbreathing, petrification resistance, rot immunity, subdued magic 1, sturdy
frame 1, AC +20
}: 13/15 runes: decaying, serpentine, slimy, silver, iron, obsidian, icy, bone,
abyssal, demonic, glowing, magical, dark
a: Stop Flying, Recite, Vitalisation, Imprison, Sanctuary, Donate Gold, Renounce
Religion


You were in Pandemonium.
You worshipped Zin.
Zin was exalted by your worship.
You were very hungry.

You visited 17 branches of the dungeon, and saw 86 of its levels.
You visited Pandemonium 1 time, and saw 14 of its levels.
You visited the Abyss 1 time.
You visited 1 bazaar.
You also visited: Ice Cave.

You collected 13005 gold pieces.
You spent 4243 gold pieces at shops.
You donated 7359 gold pieces to Zin.

Inventory:

Hand Weapons
 K - the +8 mithril axe "Arga" (weapon) {speed, MR+}
   (You found it on level 6 of the Lair of Beasts)

   Attacks with this weapon are significantly faster.
   It affects your resistance to hostile enchantments.
 U - a +9 broad axe of holy wrath
Armour
 t - a +2 cloak of magic resistance (worn)
 u - a +2 pair of boots of running (worn)
 v - +11 gold dragon scales (worn)
 z - a +8 large shield of reflection (worn)
 D - a +2 helmet
 O - the +0 pair of gloves "Cifurila" (worn) {Regen+ Int-3 Dex+6}
   (You found it in an ice cave)

   It affects your intelligence (-3).
   It affects your dexterity (+6).
   It increases your rate of regeneration.
Jewellery
 e - an uncursed ring of protection from fire
 j - the ring "Upouduq" {rF+ Str+3 SInv}
   (You found it in Pandemonium)

   [ring of see invisible]

   It affects your strength (+3).
   It protects you from fire.
   It lets you see invisible.
 q - the ring of Awag (left hand) {rC++ rN+ Str+7 Int-3}
   (You found it in Pandemonium)

   [ring of positive energy]

   It affects your strength (+7).
   It affects your intelligence (-3).
   It greatly protects you from cold.
   It protects you from negative energy.
 A - the ring of Insomnia (right hand) {rF+ Str+7 Slay+2 Stlth-}
   (You found it in Pandemonium)

   [ring of attention]

   It affects your strength (+7).
   It affects your accuracy and damage with ranged weapons and melee attacks
   (+2).
   It protects you from fire.
   It makes you less stealthy.
 S - a +6 amulet of reflection (around neck)
Wands
 a - a wand of flame (65)
 l - a wand of disintegration (78)
 n - a wand of scattershot (7)
 r - a wand of enslavement (30)
 s - a wand of digging (3)
 B - a wand of acid (26)
 F - a wand of paralysis (62)
 I - a wand of iceblast (45)
Scrolls
 b - 24 scrolls of teleportation
 f - 42 scrolls of remove curse
 h - 8 scrolls of magic mapping
 o - a scroll of enchant weapon
 w - 8 scrolls of fog
 y - 6 scrolls of silence
 C - 15 scrolls of identify
 J - 11 scrolls of blinking
 N - 4 scrolls of summoning
 P - 10 scrolls of fear
Potions
 d - 11 potions of haste
 g - 17 potions of curing
 i - 8 potions of cancellation
 k - 4 potions of might
 m - 8 potions of resistance
 p - a potion of invisibility
 E - 7 potions of ambrosia
 G - a potion of heal wounds
Comestibles
 c - 102 rations


   Skills:
 O Level 27 Fighting
 + Level 20.8 Axes
 O Level 27 Armour
 - Level 1.5 Dodging
 O Level 27 Shields
 O Level 27 Invocations
 O Level 27 Evocations


You had 26 spell levels left.
You didn't know any spells.
Your spell library contained the following spells:

 Spells                   Type           Power        Failure   Level  Hunger
 Animate Skeleton         Necr           N/A          77%         1    ##.....
 Corona                   Hex            #......      77%         1    ##.....
 Flame Tongue             Conj/Fire      #....        77%         1    ##.....
 Shock                    Conj/Air       #...         77%         1    ##.....
 Summon Butterflies       Summ           #.......     77%         1    ##.....
 Corpse Rot               Necr           N/A          89%         2    ###....
 Ensorcelled Hibernation  Hex/Ice        #.....       89%         2    ###....
 Slow                     Hex            #.......     89%         2    ###....
 Confuse                  Hex            #.......     98%         3    ####...
 Dazzling Spray           Conj/Hex       #.....       98%         3    ####...
 Ignite Poison            Fire/Tmut/Pois #.......     98%         3    ####...
 Inner Flame              Hex/Fire       #.......     98%         3    ####...
 Summon Guardian Golem    Hex/Summ       #.......     98%         3    ####...
 Tukima's Dance           Hex            #.......     98%         3    ####...
 Airstrike                Air            #.........   100%        4    #####..
 Petrify                  Tmut/Erth      #.......     100%        4    #####..
 Summon Ice Beast         Ice/Summ       #.......     100%        4    #####..
 Agony                    Necr           #.......     100%        5    ######.
 Alistair's Intoxication  Tmut/Pois      #.......     100%        5    ######.
 Bolt of Draining         Conj/Necr      #.........   100%        5    ######.
 Bolt of Magma            Conj/Fire/Erth #.........   100%        5    ######.
 Borgnjor's Vile Clutch   Necr/Erth      #.........   100%        5    ######.
 Dispel Undead            Necr           #.......     100%        5    ######.
 Excruciating Wounds      Chrm/Necr      #.........   100%        5    ######.
 Fireball                 Conj/Fire      #.........   100%        5    ######.
 Irradiate                Conj/Tmut      #.........   100%        5    ######.
 Iskenderun's Battlesphe  Conj/Chrm      #.......     100%        5    ######.
 Lightning Bolt           Conj/Air       #.........   100%        5    ######.
 Silence                  Hex/Air        #.........   100%        5    ######.
 Venom Bolt               Conj/Pois      #.........   100%        5    ######.
 Yara's Violent Unravell  Hex/Tmut       #.........   100%        5    ######.
 Iron Shot                Conj/Erth      #.........   100%        6    #######
 Orb of Destruction       Conj           #.........   100%        7    #######
 Spellforged Servitor     Conj/Summ      #.........   100%        7    #######
 Summon Hydra             Summ           #.........   100%        7    #######
 Tornado                  Air            #.........   100%        9    #######
 Sublimation of Blood     Necr           Unusable     N/A         2    N/A

Dungeon Overview and Level Annotations

Branches:
Dungeon (15/15)            Temple (1/1) D:6            Lair (6/6) D:11
  Swamp (4/4) Lair:2        Snake (4/4) Lair:3        Slime (5/5) Lair:5
    Orc (2/2) D:11            Elf (3/3) Orc:2        Vaults (5/5) D:14
  Crypt (3/3) Vaults:3       Tomb (0/3) Crypt:3      Depths (5/5) D:15
   Hell (1/1)                 Dis (7/7) Hell            Geh (7/7) Hell
    Coc (7/7) Hell            Tar (7/7) Hell            Zot (5/5) Depths:5

Altars:
Ashenzari
Cheibriados
Dithmenos
Elyvilon
Fedhas
Gozag
Hepliaklqana
Kikubaaqudgha
Makhleb
Nemelex Xobeh
Okawaru
Qazlal
Ru
Sif Muna
Trog
Uskayaw
Vehumet
Wu Jian
Xom
Yredelemnul
Zin
The Shining One
Jiyva

Shops:
D:6 [   D:8 *   D:13 *   Orc:1 [:*   Orc:2 [:[:   Elf:2 !   Vaults:1 ?
Vaults:3 =   Zot:3 *   Depths:4 }[?}?   Depths:5 }}=

Portals:
Hell: Depths:1 Depths:2 Depths:3 Depths:4 Depths:5
Abyss: Depths:1 Depths:2 Depths:3 Depths:4
Pandemonium: Depths:3
Ziggurat: Depths:4


Innate Abilities, Weirdness & Mutations

You are resistant to torment.
Your stone body is resilient. (AC +20)
You are immune to poison.
Your large and strong wings let you fly indefinitely.
You resist negative energy. (rN+)
You are resistant to electric shocks. (rElec)
You can survive without breathing.
You are immune to petrification.
You are immune to rotting.
You have a pair of small horns on your head.
Scrolls take you a little longer to read.
Your mind is acute. (Int +2)
Armour fits poorly on your strangely shaped body.
You are very frail. (-20% HP)
You do not regenerate when monsters are visible.
Your spells are a little easier to cast, but a little less powerful.
Your movements are slightly less encumbered by armour. (ER -2)


Message History

* * * LOW HITPOINT WARNING * * *
Okay, then.
Really read with blurry vision while enemies are nearby? [Y]es or [N]o only, please.
Really read with blurry vision while enemies are nearby? [Y]es or [N]o only, please.
Really read with blurry vision while enemies are nearby?
Okay, then.
You feel much better. You block the cherub's attack.
The cherub pecks you but does no damage.
The daeva calls down the wrath of Zin upon you.
Zin smites you!
* * * LOW HITPOINT WARNING * * *
The daeva recites the sacred Law of Zin.
The daeva calls down the wrath of Zin upon you.
Zin smites you!
* * * LOW HITPOINT WARNING * * *
The daeva calls down the wrath of Zin upon you.
Zin smites you!
You die...

#### .. ########### ...
..........####...
................#
...............#
.........#......
....##......#######
...####...#.#.#.#A#.#.#.
..## #......'...@AA.A.'.
..# #.....#.#.#A#A#.#.#.
.........[..#######
###......#...
####........ #####.....
#####.[ ###


You could see 5 daevas and a cherub.

Vanquished Creatures
  Antaeus (Coc:7)
  Asmodeus (Geh:7)
  3 pandemonium lords (Pan)
  the Royal Jelly (Slime:5)
  Gloorx Vloq (Pan)
  Ereshkigal (Tar:7)
  the Serpent of Hell (Coc:7)
  Mnoleg (Pan)
  A seraph (Pan)
  Khufu (Crypt:3)
  Dispater (Dis:7)
  6 orbs of fire
  11 ancient liches
  2 juggernauts
  Sojobo (Depths:5)
  3 Killer Klowns (Zot:5)
  5 shard shrikes
  Xtahua (Crypt:2)
  Margery (Vaults:5)
  the Lernaean hydra (Swamp:4)
  Saint Roka (Snake:2)
  Nikola (Swamp:1)
  A profane servitor (Crypt:3)
  Geryon (Hell)
  Jory (Crypt:3)
  16 golden dragons
  5 bone dragons
  16 Tzitzimimeh
  2 electric golems (Zot:5)
  13 Brimstone Fiends
  10 Ice Fiends
  5 liches
  14 Hell Sentinels
  6 iron giants (Dis:7)
  17 tentacled monstrosities
  2 deep elf blademasters (Elf:3)
  25 Orb Guardians (Zot:5)
  5 doom hounds
  The ghost of Gygal Fez the Peltast, an adept MiFi of Okawaru (Snake:3)
  11 quicksilver dragons
  2 titans (Vaults:5)
  18 acid blobs
  Frances (Swamp:1)
  11 death cobs
  14 Executioners
  11 tentacled starspawn
  Agnes (D:15)
  3 thorn hunters (Swamp:2)
  16 storm dragons
  2 sphinxes
  Kirke (Lair:6)
  8 tengu reavers
  21 shadow dragons
  4 ancient champions
  Roxanne (Elf:1)
  7 draconian monks
  A daeva (Abyss:3)
  2 revenants
  9 frost giants
  11 iron dragons
  9 azure jellies
  10 draconian knights
  12 draconian scorchers
  12 nagarajas
  14 fire giants
  An orc warlord (Orc:2)
  19 vault wardens
  5 ghost moths
  5 warmongers (Pan)
  18 balrugs
  13 black suns (Pan)
  6 angels
  6 deep elf sorcerers
  5 deep elf elementalists
  5 curse skulls
  19 cacodemons
  4 ghouls
  Louise (Snake:4)
  13 draconian stormcallers
  8 draconian shifters
  38 stone giants
  53 reapers
  18 ironheart preservers
  6 blood saints (Pan)
  3 corrupters (Pan)
  11 war gargoyles (Dis:7)
  7 ophanim (Pan)
  15 draconian annihilators
  23 very ugly things
  2 entropy weavers
  10 deep elf demonologists
  11 green draconians
  16 lorocyprocas
  15 vampire knights
  13 black draconians
  Nessos (D:14)
  2 apis (Pan)
  11 deep elf annihilators
  17 white draconians
  12 yellow draconians
  12 red draconians
  16 purple draconians
  A spectral titan (Crypt:3)
  15 ettins
  Snorg (Lair:6)
  10 green deaths
  14 deep elf death magi
  26 blizzard demons
  An eidolon (Crypt:1)
  13 fire dragons
  4 death oozes (Slime:5)
  26 jiangshi
  11 great orbs of eyes
  2 mummy priests (Crypt:3)
  4 quicksilver dragon zombies
  18 yaktaur captains
  3 deep elf high priests
  26 ice dragons
  5 monstrous demonspawn (Pan)
  11 rakshasas
  3 quicksilver dragon skeletons
  2 hell beasts (Pan)
  3 ghost crabs
  2 shambling mangroves (Swamp:2)
  34 vault guards
  17 hydras
  Harold (D:8)
  20 naga warriors
  7 spriggan air magi
  7 death knights
  4 anacondas
  4 death yaks (Lair:4)
  11 ogre magi
  9 centaur warriors
  A catoblepas (D:15)
  11 alligators
  30 dancing weapons
  2 titan zombies
  6 deep troll shamans
  3 tengu warriors
  20 hell hogs
  4 vampire magi
  36 two-headed ogres
  13 deep troll earth magi
  8 thrashing horrors
  4 storm dragon zombies
  25 small abominations
  9 shock serpents
  12 naga sharpshooters
  24 soul eaters
  8 iron golems
  4 spriggan berserkers
  26 sun demons
  2 salamander mystics
  10 titan skeletons
  19 deep elf knights
  18 shadow wraiths
  61 hell knights
  5 storm dragon skeletons
  2 spatial maelstroms (Abyss:3)
  13 sixfirhies
  9 anaconda zombies
  128 skeletal warriors
  6 wretched stars
  3 golden dragon zombies
  13 iron trolls
  A spriggan druid (Swamp:3)
  11 glowing orange brains
  5 gelid demonspawn (Pan)
  An unseen horror (D:11)
  9 wizards
  A glowing orange brain (shapeshifter) (Abyss:3)
  6 flayed ghosts
  7 cherubim (Pan)
  3 ghost moth zombies
  15 sea snakes
  29 deep trolls
  13 shadow demons
  41 starcursed masses
  3 death drakes
  4 torturous demonspawn (Pan)
  5 infernal demonspawn (Pan)
  2 golden dragon skeletons
  15 phantasmal warriors
  A lindwurm (Depths:4)
  10 swamp dragons
  2 wolf spider zombies
  6 naga ritualists
  2 obsidian statues
  11 ironbrand convokers
  65 deep elf magi
  20 necromancers
  5 mana vipers
  5 anaconda skeletons
  4 oklob plants
  A shining eye (shapeshifter) (Vaults:5)
  11 harpies
  16 deep elf archers
  7 orc sorcerers
  23 orc knights
  An orb spider (shapeshifter) (Vaults:2)
  74 ugly things
  2 shadow dragon skeletons
  A manticore (D:14)
  4 iron dragon zombies
  40 cyclopes
  A wolf spider (Vaults:1)
  7 fire giant zombies
  7 frost giant zombies
  5 stone giant zombies
  3 iron dragon skeletons
  A salamander (shapeshifter) (Vaults:3)
  4 elephants
  35 moths of wrath
  4 shining eyes
  37 large abominations
  10 salamanders
  6 stone giant skeletons
  4 dire elephant zombies
  3 worldbinders
  4 frost giant skeletons
  4 centaur zombies
  9 guardian serpents
  Maurice (D:11)
  A shock serpent zombie (Geh:6)
  35 black mambas
  6 fire giant skeletons
  6 molten gargoyles (Geh:7)
  5 apocalypse crabs
  A titan simulacrum (Abyss:2)
  35 rust devils
  13 spiny frogs
  3 ice statues
  5 spectral swamp worms (Depths:5)
  11 vault sentinels
  15 naga magi
  3 gargoyles
  An emperor scorpion zombie (Geh:4)
  A shock serpent skeleton (Dis:2)
  An eye of devastation (Pan)
  30 smoke demons
  55 yaktaurs
  A storm dragon simulacrum (Vaults:3)
  6 rime drakes
  5 efreet
  24 hellions
  20 orange demons
  A kobold demonologist (D:11)
  A yaktaur (shapeshifter) (Vaults:3)
  12 demonic crawlers
  8 komodo dragons
  A torpor snail (Lair:6)
  A catoblepas zombie (Geh:4)
  A rime drake (shapeshifter) (Elf:1)
  47 freezing wraiths
  2 anaconda simulacra (Coc:3)
  11 ancient zymes
  A catoblepas skeleton (Tar:6)
  29 tormentors
  7 guardian mummies (Crypt:3)
  31 ice devils
  A green draconian skeleton (Crypt:1)
  20 trolls
  8 harpy zombies
  13 hellwings
  A jumping spider (Vaults:4)
  A silent spectre (Tar:7)
  36 red devils
  3 jumping spiders (shapeshifter)
  9 hydra zombies
  A wolf spider simulacrum (Abyss:2)
  A tengu conjurer (Depths:3)
  12 tyrant leeches
  17 polar bears
  15 hornets
  42 blink frogs
  101 slime creatures
  2 hydra skeletons
  2 harpy skeletons
  22 bog bodies
  A blink frog (shapeshifter) (Vaults:1)
  2 ice dragon zombies (Dis:7)
  An iron dragon simulacrum (Coc:7)
  5 ettin zombies
  16 dream sheep
  A meliai zombie (D:14)
  15 raiju
  4 fire dragon zombies
  9 hippogriffs
  3 alligator zombies
  4 ice dragon skeletons
  28 wraiths
  A black mamba zombie (Tar:6)
  114 flying skulls
  4 air elementals
  Sigmund (D:4)
  4 fire dragon skeletons
  18 spriggans
  15 ynoxinuls
  3 redbacks (Vaults:4)
  A spriggan (shapeshifter) (Vaults:1)
  27 shadows
  4 wyverns
  2 alligator skeletons
  7 ettin skeletons
  2 black mamba skeletons
  72 yaks
  13 water elementals
  16 fire elementals
  Eustachio (D:6)
  2 hogs (Lair:6)
  A yak (shapeshifter) (Vaults:5)
  12 golden eyes
  A basilisk (Lair:6)
  24 neqoxecs
  A steam dragon (D:13)
  2 human simulacra
  A yaktaur simulacrum (Vaults:4)
  12 chaos spawn
  A golden eye (shapeshifter) (Vaults:4)
  4 hungry ghosts
  7 vampire mosquitoes
  11 wargs
  A merfolk zombie (Tar:6)
  A deep troll zombie (Vaults:4)
  A gelid demonspawn zombie (Crypt:1)
  A death yak simulacrum (IceCv)
  8 spatial vortices
  4 insubstantial wisps (Abyss:2)
  A torturous demonspawn zombie (Crypt:1)
  55 nagas
  14 swamp worms
  A monstrous demonspawn zombie (Crypt:1)
  A two-headed ogre zombie (Crypt:1)
  A soldier ant (D:12)
  3 acid dragons
  23 water moccasins
  Duvessa (D:6)
  23 hell hounds
  2 hydra simulacra
  6 spiny frog zombies
  10 porcupines
  2 monstrous demonspawn skeletons (Crypt:1)
  73 orc warriors
  An ice beast (shapeshifter) (Depths:3)
  A deep troll skeleton (Crypt:2)
  A floating eye (Depths:3)
  3 sky beasts
  3 snapping turtle zombies
  15 black bears
  18 necrophages
  An ettin simulacrum (Crypt:1)
  2 spiny frog skeletons (Coc:3)
  2 manticore zombies
  14 swamp drakes
  25 ice beasts
  2 swamp dragon zombies
  4 eyes of draining
  5 phantoms
  45 ogres
  12 boggarts
  A black mamba simulacrum (Crypt:3)
  33 wolves
  38 centaurs
  A snapping turtle skeleton (Coc:1)
  10 crocodiles
  2 big kobolds
  A manticore skeleton (Dis:4)
  4 earth elementals
  3 human zombies
  17 bullfrogs
  A gnoll sergeant (D:8)
  Dowan (D:6)
  2 wyvern skeletons
  4 scorpions
  A yak zombie (Crypt:1)
  A raiju zombie (Crypt:1)
  11 killer bees (D:9)
  2 spriggan zombies
  A spriggan skeleton (Coc:7)
  61 wights
  19 electric eels
  4 howler monkeys
  18 crimson imps
  A bullfrog zombie (D:13)
  2 quasits
  5 jellies
  A lava snake (D:12)
  2 draconian simulacra (IceCv)
  42 orc wizards
  4 bullfrog skeletons
  7 centaur skeletons
  A demonspawn zombie (Crypt:2)
  29 orc priests
  11 hounds
  53 iron imps
  4 hell rats (Hell)
  6 iguanas
  5 troll simulacra (IceCv)
  16 worker ants
  A polar bear simulacrum (IceCv)
  A spriggan simulacrum (IceCv)
  A killer bee zombie (D:8)
  2 wolf simulacra (IceCv)
  3 naga zombies
  4 centaur simulacra (IceCv)
  An acid dragon skeleton (Crypt:1)
  A hound skeleton (D:5)
  5 mummies
  5 gnolls (D:8)
  18 adders
  4 naga simulacra (IceCv)
  4 ogre simulacra (IceCv)
  13 shadow imps
  22 white imps
  4 ufetubi
  An ooze (D:6)
  A halfling zombie (Crypt:2)
  2 adder skeletons (D:7)
  4 worms
  6 leopard geckos
  127 orcs
  3 ball pythons
  6 giant cockroaches
  7 goblins
  10 hobgoblins
  10 jackals
  6 quokkas
  10 bats
  7 frilled lizards
  A goblin zombie (Crypt:2)
  A hobgoblin zombie (Crypt:2)
  13 kobolds
  An orc skeleton (Crypt:1)
  An orc zombie (Geh:2)
  10 rats
  4 briar patches (Swamp:2)
  4 bushes
  5 crawling corpses (Elf:3)
  6 demonic plants (Abyss:3)
  14 fungi
  A lurking horror (Abyss:3)
  23 plants
  10 starspawn tentacles
4725 creatures vanquished.

Vanquished Creatures (collateral kills)
  A Tzitzimitl (Tar:7)
  A reaper (Tar:7)
  A shadow demon (Tar:7)
  A cyclops (D:13)
  A hellion (Geh:7)
  An ettin zombie (Tar:7)
  A worker ant (D:13)
7 creatures vanquished.

Vanquished Creatures (others)
  2 deep elf master archers (Elf:3)
  An eldritch tentacle (Pan)
  A draconian monk (Zot:2)
  A tengu reaver (Depths:5)
  2 stone giants
  2 elemental wellsprings (Coc:7)
  A yellow draconian (Zot:2)
  A white draconian (Zot:1)
  A yaktaur captain (Depths:2)
  An ice dragon (D:15)
  3 hell hogs
  A glowing orange brain (Depths:4)
  2 deep elf archers
  A moth of wrath (Zot:4)
  2 smoke demons (Pan)
  A rime drake (Depths:4)
  A yaktaur (Depths:4)
  A flying skull (Coc:7)
  A wraith (Geh:2)
  A shadow (D:11)
  A hell hound (Dis:7)
  A boggart (Depths:4)
  A wight (Geh:2)
  2 iron imps
  An orc wizard (D:9)
  A ball lightning (Abyss:3)
  2 crawling corpses (Elf:3)
  10 fungi
  2 lurking horrors (Abyss:3)
  8 pillars of salt (Pan)
  16 plants
  21 starspawn tentacles
93 creatures vanquished.

Grand Total: 4825 creatures vanquished

Notes
Turn   | Place    | Note
-------+----------+-------------------------------------------
     0 | D:1      | sanboga the Gargoyle Berserker began the quest for the Orb.
     0 | D:1      | Reached XP level 1. HP: 14/14 MP: 1/1
   387 | D:1      | Reached XP level 2. HP: 18/19 MP: 2/2
   658 | D:1      | Reached ** piety under Trog
   725 | D:1      | Reached XP level 3. HP: 20/23 MP: 3/3
  1072 | D:2      | Found a radiant altar of Vehumet.
  1274 | D:2      | Reached XP level 4. HP: 27/29 MP: 4/4
  1303 | D:2      | Found a shattered altar of Ashenzari.
  1804 | D:3      | Reached XP level 5. HP: 33/33 MP: 5/5
  1808 | D:3      | Reached *** piety under Trog
  2227 | D:4      | Noticed a phantom
  2259 | D:4      | Reached XP level 6. HP: 14/39 MP: 6/6
  2272 | D:4      | Killed a phantom
  2455 | D:4      | Reached skill level 5 in Axes
  2520 | D:4      | Reached skill level 5 in Fighting
  2852 | D:4      | Reached XP level 7. HP: 34/44 MP: 7/7
  2878 | D:4      | Noticed Sigmund
  2901 | D:4      | Killed Sigmund
  3152 | D:4      | Reached **** piety under Trog
  3243 | D:5      | Entered Level 5 of the Dungeon
  3327 | D:5      | Reached skill level 5 in Armour
  3333 | D:5      | Found a hide-covered altar of Uskayaw.
  3373 | D:5      | Got an ancient copper amulet
  3430 | D:5      | Reached XP level 8. HP: 32/51 MP: 8/8
  3710 | D:5      | Identified the amulet of Beinkiul {Gourm rPois rC+ Str+2}
                  | (You found it on level 5 of the Dungeon)
  3742 | D:6      | Found Xyeparocw's Antique Armour Boutique.
  3742 | D:6      | Noticed Duvessa
  3742 | D:6      | Noticed Dowan
  3755 | D:6      | Killed Duvessa
  3757 | D:6      | Killed Dowan
  3867 | D:6      | Noticed Eustachio
  3876 | D:6      | Found a sand-covered staircase.
  3903 | D:6      | Killed Eustachio
  4096 | D:6      | Reached XP level 9. HP: 56/56 MP: 9/9
  4632 | D:6      | Reached ***** piety under Trog
  4763 | D:6      | Found a staircase to the Ecumenical Temple.
  5217 | D:7      | Found a stormy altar of Qazlal.
  5315 | D:7      | Received a gift from Trog
  5439 | D:6      | Found an iron altar of Okawaru.
  5577 | D:7      | Found a glowing golden altar of the Shining One.
  5578 | D:7      | Found a glowing silver altar of Zin.
  5663 | D:8      | Reached XP level 10. HP: 44/64 MP: 10/10
  5663 | D:8      | Paralysed by fainting for 8 turns
  5790 | D:8      | Found Gagrifits's Assorted Antiques.
  5798 | D:8      | Bought a scroll labeled AQAOME PALORGH for 27 gold pieces
  5798 | D:8      | Bought a scroll labeled KAHOLEALURR for 27 gold pieces
  5798 | D:8      | Bought a scroll labeled GAEDDALLUQ for 27 gold pieces
  5798 | D:8      | Bought a scroll labeled GAEDDALLUQ for 27 gold pieces
  5959 | D:8      | Noticed Harold
  5975 | D:8      | Killed Harold
  5975 | D:8      | Reached skill level 10 in Axes
  6272 | D:8      | Found a sacrificial altar of Ru.
  6559 | D:9      | Received a gift from Trog
  6777 | D:9      | Identified the +6 mace of Zuarhio {chaos, Str+5}
  6792 | D:9      | Reached XP level 11. HP: 35/71 MP: 6/11
  7334 | D:10     | Entered Level 10 of the Dungeon
  7355 | D:10     | Reached skill level 10 in Fighting
  7469 | D:10     | Noticed a two-headed ogre
  7485 | D:10     | Killed a two-headed ogre
  7605 | D:10     | Reached skill level 10 in Armour
  8207 | D:11     | Noticed a fire dragon
  8372 | D:11     | Killed a fire dragon
  8462 | D:11     | Reached ****** piety under Trog
  8462 | D:11     | Reached XP level 12. HP: 65/79 MP: 12/12
  8467 | D:11     | Received a gift from Trog
  8519 | D:11     | Noticed a two-headed ogre
  8524 | D:11     | Killed a two-headed ogre
  8564 | D:11     | Found a staircase to the Lair.
  8610 | D:11     | Noticed a two-headed ogre
  8614 | D:11     | Killed a two-headed ogre
  8965 | D:11     | Noticed a soul eater
  8998 | D:11     | Noticed a two-headed ogre
  9005 | D:11     | Killed a two-headed ogre
  9024 | D:11     | Noticed Maurice
  9035 | D:11     | Killed Maurice
  9255 | D:11     | Noticed an ice dragon
  9256 | D:11     | Found the +7 Singing Sword {slice, sonic wave}
  9270 | D:11     | Killed an ice dragon
  9281 | D:11     | Identified the Grimoire of Captivating Unholy Rituals
  9998 | D:11     | Noticed a two-headed ogre
 10001 | D:11     | Identified the +6 scale mail of Levity {rC- MR+ Stlth+}
 10015 | D:11     | Killed a two-headed ogre
 10100 | D:11     | Found a staircase to the Orcish Mines.
 10391 | Lair:1   | Entered Level 1 of the Lair of Beasts
 10546 | Lair:1   | Reached XP level 13. HP: 74/86 MP: 13/13
 11310 | Lair:2   | Received a gift from Trog
 11335 | Lair:2   | Found a staircase to the Swamp.
 11957 | Lair:3   | Found a staircase to the Snake Pit.
 12884 | Lair:4   | Reached skill level 15 in Axes
 12891 | Lair:4   | Gained mutation: Your large and strong wings let you fly
                  | indefinitely. [Gargoyle growth]
 12891 | Lair:4   | Reached XP level 14. HP: 58/94 MP: 14/14
 13569 | Lair:5   | You are sucked into a shaft!
 13569 | Lair:6   | Entered Level 6 of the Lair of Beasts
 13730 | Lair:6   | Received a gift from Trog
 13733 | Lair:6   | Got a sapphire executioner's axe {god gift}
 13734 | Lair:6   | Identified the +8 executioner's axe "Ceusk" {chop, Int+3}
                  | (Trog gifted it to you on level 6 of the Lair of Beasts)
 13953 | Lair:5   | Found a staircase to the Slime Pits.
 14083 | Lair:5   | Found a viscous altar of Jiyva.
 14454 | Lair:6   | Noticed Snorg
 14478 | Lair:6   | Killed Snorg
 14837 | Lair:6   | Found the +8 mithril axe "Arga" {speed, MR+}
 14847 | Lair:6   | Received a gift from Trog
 15045 | Lair:6   | Reached XP level 15. HP: 95/100 MP: 15/15
 15106 | Lair:6   | Noticed Kirke
 15121 | Lair:6   | Killed Kirke
 15913 | Orc:1    | Entered Level 1 of the Orcish Mines
 15913 | Orc:1    | Found Muubbila's Antique Armour Boutique.
 15913 | Orc:1    | Found Zeich's Book Emporium.
 15918 | Orc:1    | Bought a glowing scarf for 248 gold pieces
 15970 | Orc:1    | Received a gift from Trog
 16201 | Orc:1    | Found Faeryphupih's Assorted Antiques.
 16208 | Orc:1    | Found a radiant altar of Vehumet.
 16210 | Orc:1    | Bought a scroll of magic mapping for 122 gold pieces
 16210 | Orc:1    | Bought a scroll of magic mapping for 122 gold pieces
 16344 | Orc:2    | Entered Level 2 of the Orcish Mines
 16474 | Orc:2    | Found a staircase to the Elven Halls.
 16517 | Orc:2    | Gained mutation: You are resistant to hostile enchantments.
                  | (MR+) [a neqoxec]
 16552 | Orc:2    | Noticed an orc warlord
 16566 | Orc:2    | Received a gift from Trog
 16573 | Orc:2    | Killed an orc warlord
 17614 | Orc:2    | Found Ycietz's Book Shoppe.
 17614 | Orc:2    | Found Nerompuh's Antique Armour Boutique.
 17614 | Orc:2    | Found Dorrunaf's Book Shop.
 17617 | Orc:2    | Found Eteles's Armour Emporium.
 17631 | Orc:2    | Bought a pitted plate armour for 784 gold pieces
 17641 | Orc:2    | Identified the +7 plate armour of the Pits of Slime {Int+3}
                  | (You bought it in a shop on level 2 of the Orcish Mines)
 18098 | D:12     | Received a gift from Trog
 18245 | D:12     | Found an iron altar of Okawaru.
 18430 | D:12     | Reached skill level 15 in Fighting
 19009 | D:13     | Reached skill level 15 in Armour
 19087 | D:13     | Reached XP level 16. HP: 64/108 MP: 16/16
 19183 | D:13     | Found Tyunoem's General Store.
 19542 | D:14     | Noticed Nessos
 19544 | D:14     | Found a frozen archway.
 19570 | D:14     | Killed Nessos
 19570 | D:14     | Received a gift from Trog
 19586 | IceCv    | Entered an ice cave
 19864 | IceCv    | Found an ancient bone altar of Kikubaaqudgha.
 20063 | IceCv    | Got a pair of spiked gloves
 20074 | IceCv    | Identified the cursed +0 pair of gloves "Cifurila" {Regen+
                  | Int-3 Dex+6} (You found it in an ice cave)
 20442 | D:14     | Received a gift from Trog
 20537 | D:14     | Found a gate to the Vaults.
 20814 | D:15     | Entered Level 15 of the Dungeon
 20973 | D:15     | Found a staircase to the Depths.
 21259 | D:15     | Identified a scroll of acquirement
 21755 | D:15     | Noticed Agnes
 21765 | D:15     | Killed Agnes
 22223 | D:15     | Got an ancient buckler
 22231 | D:15     | Identified the +3 buckler of the Slightly Bent {rElec
                  | Int+4} (You acquired it on level 15 of the Dungeon)
 22422 | Swamp:1  | Entered Level 1 of the Swamp
 22441 | Swamp:1  | Noticed Nikola
 22452 | Swamp:1  | Received a gift from Trog
 22457 | Swamp:1  | Killed Nikola
 22457 | Swamp:1  | Reached XP level 17. HP: 111/115 MP: 17/17
 22831 | Swamp:1  | Noticed Frances
 22854 | Swamp:1  | Killed Frances
 23005 | Swamp:1  | Got a warped ivory amulet
 23304 | Swamp:2  | Reached skill level 5 in Shields
 24233 | Swamp:2  | Identified the amulet of Qehu {Faith rN+ Dex+2} (You found
                  | it on level 1 of the Swamp)
 24877 | Swamp:4  | Entered Level 4 of the Swamp
 24894 | Swamp:4  | Received a gift from Trog
 25005 | Swamp:4  | Reached XP level 18. HP: 90/123 MP: 18/18
 25258 | Swamp:4  | Noticed the 27-headed Lernaean hydra
 25266 | Swamp:4  | Killed the 22-headed Lernaean hydra
 25276 | Swamp:4  | Got a decaying rune of Zot
 25367 | Swamp:4  | Reached skill level 10 in Shields
 25425 | Swamp:4  | Received a gift from Trog
 25917 | Snake:1  | Entered Level 1 of the Snake Pit
 26249 | Snake:1  | Found a shattered altar of Ashenzari.
 26628 | Snake:1  | Identified the +1 scale mail of Wrong Decisions {rCorr
                  | Int+5}
 27023 | Snake:2  | Received a gift from Trog
 27307 | Snake:2  | Noticed Saint Roka
 27350 | Snake:2  | Killed Saint Roka
 28093 | Snake:3  | Reached XP level 19. HP: 130/130 MP: 19/19
 28094 | Snake:3  | Found a runed translucent gate.
 28095 | Snake:3  | Found a runed translucent gate.
 28097 | Snake:3  | Found a runed translucent gate.
 28097 | Snake:3  | Noticed Gygal Fez's ghost (adept MiFi)
 28122 | Snake:3  | Killed Gygal Fez's ghost
 28993 | Snake:4  | Entered Level 4 of the Snake Pit
 29005 | Snake:4  | Received a gift from Trog
 29404 | Snake:4  | Received a gift from Trog
 29458 | Snake:4  | Got a serpentine rune of Zot
 29622 | Snake:4  | Noticed Louise
 29632 | Snake:4  | Killed Louise
 30214 | Vaults:1 | Entered Level 1 of the Vaults
 30253 | Vaults:1 | Reached skill level 15 in Shields
 30279 | Vaults:1 | Reached XP level 20. HP: 120/137 MP: 20/20
 30295 | Vaults:1 | Received a gift from Trog
 31797 | Vaults:1 | Found Uheol's Magic Scroll Boutique.
 31953 | Vaults:2 | Received a gift from Trog
 32010 | Vaults:2 | Found a flickering gateway to a bazaar.
 32033 | Bazaar   | Entered a bazaar
 32033 | Bazaar   | Found Nadoaz's Antique Armour Boutique.
 32045 | Bazaar   | Found Geosmit's Jewellery Boutique.
 32053 | Bazaar   | Bought an uncursed ring of protection from cold for 325
                  | gold pieces
 32062 | Bazaar   | Found Gujer's Antique Weapon Emporium.
 32084 | Bazaar   | Found Viahi's Distillery.
 32092 | Bazaar   | Bought a potion of heal wounds for 50 gold pieces
 32092 | Bazaar   | Bought a potion of magic for 80 gold pieces
 32092 | Bazaar   | Found Yhus's General Store.
 32100 | Bazaar   | Bought a potion of experience for 700 gold pieces
 32639 | Vaults:2 | Received a gift from Trog
 33312 | Vaults:3 | Reached XP level 21. HP: 144/144 MP: 21/21
 33406 | Vaults:3 | Found Sacathob's Jewellery Emporium.
 33710 | Vaults:3 | Received a gift from Trog
 33920 | Vaults:3 | Found a staircase to the Crypt.
 34792 | Vaults:4 | Received a gift from Trog
 35670 | Vaults:4 | Received a gift from Trog
 35837 | Vaults:5 | Entered Level 5 of the Vaults
 35837 | Vaults:5 | Noticed an ancient lich
 35866 | Vaults:5 | Killed an ancient lich
 35866 | Vaults:5 | Reached XP level 22. HP: 136/152 MP: 22/22
 35866 | Vaults:5 | Noticed a golden dragon
 36011 | Vaults:5 | Killed a golden dragon
 36325 | Vaults:5 | Noticed a golden dragon
 36325 | Vaults:5 | Noticed an ancient lich
 36338 | Vaults:5 | Killed a golden dragon
 36338 | Vaults:5 | Received a gift from Trog
 36340 | Vaults:5 | Killed an ancient lich
 36394 | Vaults:5 | Got a silver rune of Zot
 36770 | Vaults:5 | Gained mutation: Your body sometimes deteriorates upon
                  | taking damage. [a shining eye]
 36772 | Vaults:5 | Gained mutation: You are frail. (-10% HP) [a shining eye]
 36890 | Vaults:5 | Noticed an ancient lich
 36905 | Vaults:5 | Identified the amulet "Duhataz" {Spirit *Corrode MP+9
                  | Int+4}
 36920 | Vaults:5 | Killed an ancient lich
 36927 | Vaults:5 | Received a gift from Trog
 36970 | Vaults:5 | Noticed Margery
 36985 | Vaults:5 | Killed Margery
 37034 | Vaults:5 | Reached XP level 23. HP: 75/144 MP: 23/23
 37174 | Vaults:5 | Noticed an ancient lich
 37186 | Vaults:5 | Killed an ancient lich
 37395 | Vaults:5 | Identified the ring of Birdsong {Wiz Dex+7}
 37727 | Vaults:5 | Noticed an ancient lich
 37743 | Vaults:5 | Killed an ancient lich
 38211 | Orc:1    | Bought a runed broad axe for 245 gold pieces
 38359 | Depths:1 | Entered Level 1 of the Depths
 38451 | Depths:1 | Found a gateway to Hell.
 38485 | Depths:1 | Received a gift from Trog
 38914 | Depths:1 | Found a one-way gate to the infinite horrors of the Abyss.
 39529 | Depths:1 | Found a shattered altar of Ashenzari.
 40077 | Depths:2 | Received a gift from Trog
 40188 | Depths:2 | Found a transporter.
 40209 | Depths:2 | Found a transporter.
 40405 | Depths:2 | Found an iron altar of Okawaru.
 40468 | Depths:3 | Reached XP level 24. HP: 151/151 MP: 23/23
 40558 | Depths:3 | Found a one-way gate leading to the halls of Pandemonium.
 40617 | Depths:3 | Received a gift from Trog
 41081 | Depths:3 | Noticed a juggernaut
 41097 | Depths:3 | Paralysed by a floating eye for 4 turns
 41105 | Depths:3 | Killed a juggernaut
 41115 | Depths:3 | Received a gift from Trog
 41875 | Depths:3 | Identified a +2 pair of boots of running (You found it on
                  | level 3 of the Depths)
 42265 | Depths:4 | Found Paghar's Magic Scroll Shop.
 42316 | Depths:4 | Found Yfofearph's Gadget Boutique.
 42326 | Depths:4 | Bought a scroll of enchant armour for 127 gold pieces
 42326 | Depths:4 | Bought a scroll of enchant armour for 127 gold pieces
 42326 | Depths:4 | Bought a scroll of enchant armour for 127 gold pieces
 42326 | Depths:4 | Bought a scroll of enchant weapon for 127 gold pieces
 42459 | Depths:4 | Received a gift from Trog
 43284 | Depths:4 | Got a pair of ancient boots
 43285 | Depths:4 | Identified the -7 pair of boots "Puled" {Str+4} (You found
                  | it on level 4 of the Depths)
 43359 | Depths:4 | Found Xigangi's Magic Scroll Emporium.
 43370 | Depths:4 | Reached XP level 25. HP: 157/157 MP: 23/23
 43509 | Depths:4 | Reached XP level 26. HP: 83/162 MP: 23/23
 43512 | Depths:4 | Received a gift from Trog
 43520 | Depths:4 | Noticed an ancient lich
 43559 | Depths:4 | Killed an ancient lich
 43653 | Depths:4 | Found Gitooce's Antique Armour Shoppe.
 43657 | Depths:4 | Bought a glowing helmet for 285 gold pieces
 43680 | Depths:4 | Found a gateway to a ziggurat.
 43862 | Depths:4 | Found Dilolioch's Gadget Shoppe.
 44012 | Depths:5 | Entered Level 5 of the Depths
 44090 | Depths:5 | Received a gift from Trog
 44235 | Depths:5 | Found a gate to the Realm of Zot.
 44518 | Depths:5 | Found Pop Baip's Gadget Boutique.
 44518 | Depths:5 | Noticed Sojobo
 44519 | Depths:5 | Found Ikoenir's Jewellery Shoppe.
 44536 | Depths:5 | Found Siusch's Gadget Boutique.
 44567 | Depths:5 | Killed Sojobo
 44624 | Depths:5 | Bought an uncursed ring of protection from cold for 300
                  | gold pieces
 45541 | Elf:1    | Entered Level 1 of the Elven Halls
 45558 | Elf:1    | Received a gift from Trog
 46237 | Elf:1    | Identified Roxanne's Papyrus of Stones
 46237 | Elf:1    | Noticed Roxanne
 46250 | Elf:1    | Killed Roxanne
 46311 | Elf:1    | Reached XP level 27. HP: 169/169 MP: 23/23
 46515 | Elf:2    | Received a gift from Trog
 46712 | Elf:2    | Found a runed translucent gate.
 46712 | Elf:2    | Found a runed translucent gate.
 46712 | Elf:2    | Found a runed translucent gate.
 47152 | Elf:2    | Found Paubraor's Distillery.
 47175 | Elf:2    | Bought a potion of curing for 39 gold pieces
 47175 | Elf:2    | Bought a potion of curing for 39 gold pieces
 47237 | Elf:2    | Found a radiant altar of Vehumet.
 47402 | Elf:3    | Entered Level 3 of the Elven Halls
 47435 | Elf:3    | Received a gift from Trog
 47742 | Elf:3    | Received a gift from Trog
 47849 | Elf:3    | Identified the +6 trident "Jeumu" {protect, rN+ Int+3}
 47873 | Elf:3    | Identified the +3 robe "Fyofomeudgh" {rN+ Int+4}
 48066 | Elf:3    | Identified Sif Muna's Volume of the Creative Traveller
 48073 | Elf:3    | Got a warped large shield
 48084 | Elf:3    | Identified the cursed -3 large shield "Piufixt" {Int+3
                  | Dex-4} (You found it on level 3 of the Elven Halls)
 48710 | Depths:2 | Got a shimmering copper ring
 48711 | Depths:2 | Identified the ring "Nubloung" {Str+2 Stlth-} (You found it
                  | on level 2 of the Depths)
 48717 | Depths:2 | Lost mutation: You are resistant to hostile enchantments.
                  | (MR+) [potion of mutation]
 48717 | Depths:2 | Lost mutation: You are frail. (-10% HP) [potion of
                  | mutation]
 48717 | Depths:2 | Gained mutation: You have very sharp teeth. [potion of
                  | mutation]
 48717 | Depths:2 | Gained mutation: You have supernaturally acute eyesight.
                  | (SInv) [potion of mutation]
 48718 | Depths:2 | Lost mutation: Your body sometimes deteriorates upon taking
                  | damage. [potion of mutation]
 48718 | Depths:2 | Lost mutation: You have supernaturally acute eyesight.
                  | (SInv) [potion of mutation]
 48718 | Depths:2 | Gained mutation: Your movements are slightly less
                  | encumbered by armour. (ER -2) [potion of mutation]
 48718 | Depths:2 | Gained mutation: Your mind is acute. (Int +2) [potion of
                  | mutation]
 48817 | Zot:1    | Entered Level 1 of the Realm of Zot
 49118 | Zot:1    | Received a gift from Trog
 49533 | Zot:1    | Reached skill level 27 in Shields
 51549 | Zot:2    | Got an encrusted shield
 51560 | Zot:2    | Identified the +3 shield of the Grue {rElec MR+ Int-3} (You
                  | acquired it on level 2 of the Realm of Zot)
 51673 | Zot:3    | Received a gift from Trog
 51780 | Zot:3    | Found Wiesiot's Changing Room.
 51787 | Zot:3    | Bought 2 potions of mutation for 288 gold pieces
 52440 | Zot:3    | Noticed an orb of fire
 52441 | Zot:3    | Gained mutation: You are clumsy. (Dex -2) [an orb of fire]
 52442 | Zot:3    | Gained mutation: You are weak. (Str -2) [an orb of fire]
 52451 | Zot:3    | Gained mutation: Your magical capacity is low. (-10% MP)
                  | [an orb of fire]
 52466 | Zot:3    | Killed an orb of fire
 53844 | Zot:5    | Entered Level 5 of the Realm of Zot
 53923 | Zot:5    | Received a gift from Trog
 54063 | Zot:5    | Noticed an ancient lich
 54067 | Zot:5    | Noticed an ancient lich
 54068 | Zot:5    | Noticed an orb of fire
 54076 | Zot:5    | Noticed an orb of fire
 54076 | Zot:5    | Gained mutation: You are frail. (-10% HP) [an orb of fire]
 54080 | Zot:5    | Noticed an orb of fire
 54081 | Zot:5    | Gained mutation: You do not regenerate when monsters are
                  | visible. [an orb of fire]
 54086 | Zot:5    | Noticed an ancient lich
 54088 | Zot:5    | Gained mutation: Your spells are a little easier to cast,
                  | but a little less powerful. [an orb of fire]
 54088 | Zot:5    | Noticed an ancient lich
 54088 | Zot:5    | Gained mutation: You are very weak. (Str -4) [an orb of
                  | fire]
 54092 | Zot:5    | Gained mutation: Your spells are easier to cast, but less
                  | powerful. [an orb of fire]
 54093 | Zot:5    | Gained mutation: You are very frail. (-20% HP) [an orb of
                  | fire]
 54095 | Zot:5    | Gained mutation: Potions are less effective at restoring
                  | your health. [an orb of fire]
 54427 | Zot:5    | Killed an ancient lich
 54776 | Zot:5    | Lost mutation: Your magical capacity is low. (-10% MP) [an
                  | orb of fire]
 54790 | Zot:5    | Killed an orb of fire
 54790 | Zot:5    | Reached skill level 27 in Fighting
 54790 | Zot:5    | Reached skill level 27 in Armour
 54790 | Zot:5    | Reached skill level 1 in Evocations
 55039 | Zot:5    | Killed an ancient lich
 55049 | Zot:5    | Killed an orb of fire
 55049 | Zot:5    | Reached skill level 5 in Evocations
 55081 | Zot:5    | Killed an ancient lich
 55314 | Zot:5    | Gained mutation: Your body sometimes deteriorates upon
                  | taking damage. [an orb of fire]
 55321 | Zot:5    | Gained mutation: Your magical capacity is low. (-10% MP)
                  | [an orb of fire]
 55327 | Zot:5    | Killed an orb of fire
 55335 | Zot:5    | Noticed an orb of fire
 55516 | Zot:5    | Gained mutation: Armour fits poorly on your strangely
                  | shaped body. [an orb of fire]
 55521 | Zot:5    | Killed an orb of fire
 55900 | Zot:5    | Noticed an orb of fire
 55914 | Zot:5    | Gained mutation: Your spells are much easier to cast, but
                  | much less powerful. [an orb of fire]
 55919 | Zot:5    | Killed an orb of fire
 55957 | Zot:5    | Killed an ancient lich
 55957 | Zot:5    | Received a gift from Trog
 55957 | Zot:5    | Reached skill level 10 in Evocations
 55966 | Zot:5    | Noticed a juggernaut
 55966 | Zot:5    | a Killer Klown changed into a juggernaut
 55990 | Zot:5    | Killed a juggernaut
 56262 | Zot:5    | Lost mutation: You are very weak. (Str -4) [potion of
                  | mutation]
 56262 | Zot:5    | Lost mutation: Your mind is acute. (Int +2) [potion of
                  | mutation]
 56262 | Zot:5    | Lost mutation: Your body sometimes deteriorates upon taking
                  | damage. [potion of mutation]
 56262 | Zot:5    | Lost mutation: You are very frail. (-20% HP) [potion of
                  | mutation]
 56262 | Zot:5    | Gained mutation: You evolve. [potion of mutation]
 56263 | Zot:5    | Lost mutation: You are clumsy. (Dex -2) [potion of
                  | mutation]
 56263 | Zot:5    | Lost mutation: You evolve. [potion of mutation]
 56263 | Zot:5    | Gained mutation: You are partially covered in rugged brown
                  | scales. (AC +1, +3% HP) [potion of mutation]
 56264 | Zot:5    | Lost mutation: Your magical capacity is low. (-10% MP)
                  | [potion of mutation]
 56264 | Zot:5    | Lost mutation: Your spells are much easier to cast, but
                  | much less powerful. [potion of mutation]
 56264 | Zot:5    | Lost mutation: Armour fits poorly on your strangely shaped
                  | body. [potion of mutation]
 56264 | Zot:5    | Lost mutation: You have very sharp teeth. [potion of
                  | mutation]
 56264 | Zot:5    | Gained mutation: Scrolls take you a little longer to read.
                  | [potion of mutation]
 56264 | Zot:5    | Gained mutation: You are very frail. (-20% HP) [potion of
                  | mutation]
 56264 | Zot:5    | Gained mutation: You are partially covered in slimy green
                  | scales. (AC +2) [potion of mutation]
 56265 | Zot:5    | Lost mutation: Scrolls take you a little longer to read.
                  | [potion of mutation]
 56265 | Zot:5    | Lost mutation: You are partially covered in slimy green
                  | scales. (AC +2) [potion of mutation]
 56265 | Zot:5    | Lost mutation: Potions are less effective at restoring your
                  | health. [potion of mutation]
 56265 | Zot:5    | Gained mutation: Your mind is acute. (Int +2) [potion of
                  | mutation]
 56266 | Zot:5    | Lost mutation: You are weak. (Str -2) [potion of mutation]
 56266 | Zot:5    | Lost mutation: Your spells are easier to cast, but less
                  | powerful. [potion of mutation]
 56266 | Zot:5    | Lost mutation: You are partially covered in rugged brown
                  | scales. (AC +1, +3% HP) [potion of mutation]
 56266 | Zot:5    | Lost mutation: Your spells are a little easier to cast, but
                  | a little less powerful. [potion of mutation]
 56266 | Zot:5    | Gained mutation: You have a pair of small horns on your
                  | head. [potion of mutation]
 56739 | Temple   | Entered the Ecumenical Temple
 56848 | D:7      | Fell from the grace of Trog
 56848 | D:7      | Became a worshipper of the Shining One
 57129 | Crypt:1  | Entered Level 1 of the Crypt
 57243 | Crypt:1  | Reached * piety under the Shining One
 57372 | Crypt:1  | Reached ** piety under the Shining One
 57524 | Crypt:1  | Reached *** piety under the Shining One
 57779 | Crypt:1  | Reached **** piety under the Shining One
 57897 | Crypt:2  | Noticed Xtahua
 57915 | Crypt:2  | Killed Xtahua
 58153 | Crypt:2  | Reached ***** piety under the Shining One
 58528 | Crypt:3  | Entered Level 3 of the Crypt
 58532 | Crypt:3  | Reached skill level 1 in Invocations
 58634 | Crypt:3  | Reached ****** piety under the Shining One
 58843 | Crypt:3  | Found a basalt altar of Yredelemnul.
 58863 | Crypt:3  | Reached skill level 5 in Invocations
 59100 | Crypt:3  | Noticed Jory
 59130 | Crypt:3  | Killed Jory
 59219 | Crypt:3  | Found the +7 mace of Variability {chain chaos}
 59409 | Crypt:3  | Found the +8 demon blade "Leech" {vamp, rN+ AC-3 EV-3}
 59472 | Crypt:3  | Found a staircase to the Tomb.
 59472 | Crypt:3  | Noticed Khufu
 59489 | Crypt:3  | Killed Khufu
 59720 | Crypt:3  | Identified a +9 broad axe of holy wrath (a +8 broad axe of
                  | chopping blessed by the Shining One)
 59720 | Crypt:3  | Received a gift from the Shining One
 60017 | Hell     | Entered the Vestibule of Hell
 60017 | Hell     | Noticed Geryon
 60036 | Hell     | Reached skill level 10 in Invocations
 60054 | Hell     | Killed Geryon
 60141 | Hell     | Found a gateway to the ashen valley of Gehenna.
 60197 | Hell     | Found a gateway to the decaying netherworld of Tartarus.
 60370 | Hell     | Found a gateway to the freezing wastes of Cocytus.
 60460 | Hell     | Found a gateway to the Iron City of Dis.
 60487 | Dis:1    | Entered Level 1 of the Iron City of Dis
 61777 | Dis:4    | You are sucked into a shaft for 2 floors!
 61979 | Dis:7    | Entered Level 7 of the Iron City of Dis
 62017 | Dis:7    | Reached skill level 15 in Invocations
 62017 | Dis:7    | Reached skill level 15 in Evocations
 62712 | Dis:7    | Identified Sif Muna's Compendium of the Evil Volcanoes
 62848 | Dis:7    | Identified the cursed +1 crystal plate armour of Taah {rC-
                  | rN+++ rCorr Str+3}
 62863 | Dis:7    | Identified the +4 staff of Dispater
 62863 | Dis:7    | Noticed Dispater
 62893 | Dis:7    | Killed Dispater
 62915 | Dis:7    | Got an iron rune of Zot
 63018 | Dis:7    | Gained mutation: Your spells are a little easier to cast,
                  | but a little less powerful. [mutagenic glow]
 63190 | Tar:1    | Entered Level 1 of Tartarus
 64575 | Tar:6    | Noticed an ancient lich
 64585 | Tar:6    | Killed an ancient lich
 64775 | Tar:7    | Entered Level 7 of Tartarus
 64865 | Tar:7    | Paralysed by Trog for 6 turns
 64971 | Tar:7    | Noticed Ereshkigal
 64984 | Tar:7    | Paralysed by Ereshkigal for 4 turns
 64997 | Tar:7    | Killed Ereshkigal
 65115 | Tar:7    | Got a bone rune of Zot
 65221 | Tar:7    | Identified the +0 pair of gloves "Rukilyirgha" {*Contam
                  | Slay+3 Stlth+} (You found it on level 7 of Tartarus)
 65363 | Coc:1    | Entered Level 1 of Cocytus
 66134 | Coc:7    | Entered Level 7 of Cocytus
 66297 | Coc:7    | Noticed the Serpent of Hell
 66317 | Coc:7    | Killed the Serpent of Hell
 66487 | Coc:7    | Identified the +3 short sword of Accidental Termination
                  | {drain, Int+2}
 66487 | Coc:7    | Identified the cursed +0 large shield of Valiance {+Blink}
 66487 | Coc:7    | Noticed Antaeus
 66524 | Coc:7    | HP: 2/159 [Antaeus/flash freeze (19)]
 66527 | Coc:7    | Killed Antaeus
 66543 | Coc:7    | Got an icy rune of Zot
 66911 | Geh:1    | Entered Level 1 of Gehenna
 67303 | Geh:5    | You are sucked into a shaft!
 67324 | Geh:7    | Entered Level 7 of Gehenna
 67575 | Geh:7    | Identified the +7 sceptre of Asmodeus
 67575 | Geh:7    | Noticed Asmodeus
 67586 | Geh:7    | Killed Asmodeus
 67608 | Geh:7    | Got an obsidian rune of Zot
 67934 | Depths:4 | Voluntarily entered the Abyss.
 68095 | Abyss:2  | Was forgiven by Trog
 69913 | Abyss:3  | Gained mutation: Scrolls take you a little longer to read.
                  | [a neqoxec]
 69928 | Abyss:3  | Reached skill level 27 in Invocations
 70005 | Abyss:3  | Found a corrupted altar of Lugonu.
 70071 | Abyss:3  | Found a corrupted altar of Lugonu.
 70181 | Abyss:3  | Gained mutation: Armour fits poorly on your strangely
                  | shaped body. [a neqoxec]
 70300 | Abyss:3  | Got an abyssal rune of Zot
 70356 | Depths:4 | Escaped the Abyss
 70594 | Slime:1  | Entered Level 1 of the Pits of Slime
 71065 | D:7      | Fell from the grace of the Shining One
 71065 | D:7      | Became a worshipper of Zin the Law-Giver
 71065 | D:7      | Reached * piety under Zin
 71065 | D:7      | Reached ** piety under Zin
 71065 | D:7      | Reached *** piety under Zin
 71065 | D:7      | Reached **** piety under Zin
 71065 | D:7      | Reached ***** piety under Zin
 71066 | D:7      | Donated 3889 gold pieces to Zin
 71070 | D:7      | Donated 1944 gold pieces to Zin
 71071 | D:7      | Donated 972 gold pieces to Zin
 71072 | D:7      | Donated 486 gold pieces to Zin
 71301 | Slime:3  | Reached ****** piety under Zin
 71520 | Slime:5  | Entered Level 5 of the Pits of Slime
 71764 | Slime:5  | Noticed the Royal Jelly
 71765 | Slime:5  | Found a viscous altar of Jiyva.
 71778 | Slime:5  | Killed the Royal Jelly
 71805 | Slime:5  | Found the +11 plutonium sword {*Contam Stlth-}
 71928 | Slime:5  | Got a scorched marble ring
 71970 | Slime:5  | Got a brightly glowing copper ring
 71981 | Slime:5  | Got a slimy rune of Zot
 72097 | Lair:5   | Identified the ring of Foseroj {*Tele *Drain rN+ Str+2}
                  | (You found it on level 5 of the Pits of Slime)
 72103 | Lair:5   | Identified the ring of Woloump {*Tele Int+4} (You found it
                  | on level 5 of the Pits of Slime)
 72319 | Pan      | Entered Pandemonium
 72737 | Pan      | Found a transporter.
 73060 | Pan      | Found a transporter.
 73071 | Pan      | Got a coiled pewter ring
 73092 | Pan      | Got a heavily runed golden ring
 73122 | Pan      | Found an exit through the horrors of the Abyss.
 73152 | Pan      | Identified the ring of Insomnia {rF+ Str+7 Slay+2 Stlth-}
                  | (You found it in Pandemonium)
 73158 | Pan      | Identified the ring of Awag {rC++ rN+ Str+7 Int-3} (You
                  | found it in Pandemonium)
 73293 | Pan      | Noticed Caididar the pandemonium lord
 73305 | Pan      | Killed Caididar the pandemonium lord
 73737 | Pan      | Entered the realm of Gloorx Vloq.
 73737 | Pan      | Noticed Gloorx Vloq
 73777 | Pan      | Killed Gloorx Vloq
 73916 | Pan      | Got a dark rune of Zot
 74396 | Pan      | Noticed Halalajy the pandemonium lord
 74409 | Pan      | Killed Halalajy the pandemonium lord
 74712 | Pan      | Noticed Xucobb the pandemonium lord
 74718 | Pan      | Killed Xucobb the pandemonium lord
 74738 | Pan      | Entered the realm of Mnoleg.
 74892 | Pan      | Noticed Mnoleg
 74908 | Pan      | Killed Mnoleg
 74937 | Pan      | Got a glowing rune of Zot
 75163 | Pan      | Got a scintillating iron ring
 75166 | Pan      | Identified the ring "Upouduq" {rF+ Str+3 SInv} (You found
                  | it in Pandemonium)
 75168 | Pan      | Found a transporter.
 75172 | Pan      | Found a transporter.
 75187 | Pan      | Found a transporter.
 75378 | Pan      | Found a transporter.
 75400 | Pan      | Found a transporter.
 75527 | Pan      | Got a crude helmet
 75530 | Pan      | Identified the cursed +0 helmet of the Storm King {rPois
                  | Int+3} (You found it in Pandemonium)
 75927 | Pan      | Entered the realm of Lom Lobon.
 76330 | Pan      | Noticed Lom Lobon
 76349 | Pan      | Got a magical rune of Zot
 76491 | Pan      | Reached skill level 27 in Evocations
 76669 | Pan      | Found an exit through the horrors of the Abyss.
 76728 | Pan      | Found a glowing golden altar of the Shining One.
 76728 | Pan      | Noticed a seraph
 76744 | Pan      | Killed a seraph
 76820 | Pan      | Got a demonic rune of Zot
 76823 | Pan      | Identified Sif Muna's Catalogue of Flight
 76828 | Pan      | Identified the Grimoire of Creation
 76831 | Pan      | Identified Gupayr's Incunabulum of Feathery Enchantment
 76834 | Pan      | Got a pair of brightly glowing gloves
 76889 | Pan      | Identified the +1 pair of gloves "Rur Caj" {rElec rN+ Str-3
                  | Dex+3} (You found it in Pandemonium)
 77056 | Pan      | HP: 6/159 [daeva/divine providence (8)]
 77057 | Pan      | HP: 1/159 [daeva/divine providence (12)]
 77057 | Pan      | Killed from afar by a daeva

Skill      XL: |  1  2  3  4  5  6  7  8  9 10 11 12 13 14 15 16 17 18 19 20 21 22 23 24 25 26 27 |
---------------+----------------------------------------------------------------------------------+-----
Axes           | 3 4 5 6 7 9 10 12 13 15 16 17 18 20 | 20.8
Armour         | 3 4 5 6 7 9 10 11 12 14 15 16 17 18 19 20 21 22 23 27 | 27.0
Fighting       | 4 5 6 8 9 10 12 13 14 15 16 17 18 19 20 21 22 23 27 | 27.0
Shields        | 2 9 12 15 17 19 20 22 23 24 25 27 | 27.0
Evocations     | 27 | 27.0
Invocations    | 27 | 27.0
Dodging        | |  1.5

Action                   |  1- 3 |  4- 6 |  7- 9 | 10-12 | 13-15 | 16-18 | 19-21 | 22-24 | 25-27 || total
-------------------------+-------+-------+-------+-------+-------+-------+-------+-------+-------++-------
Melee: Hand axe          |   120 |       |       |       |       |       |       |       |       ||   120
       War axe           |     9 |   237 |   349 |   511 |       |       |       |       |       ||  1106
       Battleaxe         |       |       |       |    20 |       |       |       |       |       ||    20
       Broad axe         |       |       |       |   202 |  1209 |  1422 |  1363 |  1421 |  8154 || 13771
       Executioner's axe |       |       |       |       |       |    50 |       |       |       ||    50
       Headbutt          |       |       |       |       |       |       |       |       |  1782 ||  1782
       Bite              |       |       |       |       |       |       |       |       |   344 ||   344
Invok: Berserk           |       |     2 |     5 |    10 |     5 |     7 |     4 |     6 |     5 ||    44
       Summon Divine War |       |       |       |       |       |       |       |       |     8 ||     8
       Cleansing Flame   |       |       |       |       |       |       |       |       |     6 ||     6
       Recite            |       |       |       |       |       |       |       |       |     4 ||     4
       Donate Gold       |       |       |       |       |       |       |       |       |     4 ||     4
       Divine Shield     |       |       |       |       |       |       |       |       |     3 ||     3
       Imprison          |       |       |       |       |       |       |       |       |     2 ||     2
       Brand Weapon With |       |       |       |       |       |       |       |       |     1 ||     1
 Abil: Fly               |       |       |       |       |     1 |       |       |       |       ||     1
Evoke: Wand              |       |       |       |       |       |     1 |       |       |    17 ||    18
  Use: Scroll            |     5 |     2 |     7 |    16 |    13 |     7 |     3 |    18 |    53 ||   124
       Potion            |       |       |       |     2 |       |       |       |       |    35 ||    37
 Stab: Petrified         |       |       |       |       |       |     6 |       |       |       ||     6
       Distracted        |       |       |       |       |       |       |       |     1 |     1 ||     2
       Invisible         |       |       |       |       |       |       |       |       |    14 ||    14
       Confused          |       |       |       |       |       |       |       |       |     1 ||     1
       Held in net/web   |       |       |       |       |       |       |       |       |     1 ||     1
  Eat: Chunk             |     1 |     5 |    28 |    52 |    39 |    36 |    27 |    29 |    35 ||   252
       Ration            |       |     1 |       |     1 |       |       |       |       |    22 ||    24
Armor: Animal skin       |     2 |       |       |       |       |       |       |       |       ||     2
       Chain mail        |    74 |       |       |       |       |       |       |       |       ||    74
       Plate armour      |    25 |   226 |   273 |   669 |   986 |   958 |   415 |   323 |       ||  3875
       Gold dragon scale |       |       |       |       |       |       |       |    12 |  2016 ||  2028
Dodge: Dodged            |    71 |    87 |   137 |   320 |   455 |   389 |   163 |   113 |   670 ||  2405
Block: Buckler           |       |       |       |       |       |   191 |       |       |       ||   191
       Shield            |       |       |       |       |       |   194 |   296 |       |       ||   490
       Large shield      |       |       |       |       |       |       |   507 |   972 |  8311 ||  9790
       Reflection        |       |       |       |       |       |       |       |    34 |   211 ||   245
